 Dungeon Crawl Stone Soup version 0.13.0 (webtiles) character file.

342 Malachi the Cudgeler (level 5, -1/50 HPs)
             Began as a Troll Chaos Knight on Oct 12, 2013.
             Was a Plaything of Xom.
             Killed from afar by an orc wizard (4 damage)
             ... with a magic dart
             ... on Level 4 of the Dungeon.
             The game lasted 00:03:27 (1280 turns).

Malachi the Cudgeler (Troll Chaos Knight)           Turns: 1280, Time: 00:03:27

HP  -1/50        AC  7     Str 21      XL: 5   Next: 62%
MP   2/2         EV 10     Int  8      God: Xom
Gold 125         SH  0     Dex  9      Spells:  0 memorised,  4 levels left

Res.Fire  : . . .   See Invis. : .   a - +0 mace (chaos)
Res.Cold  : . . .   Warding    : .   b - +2 robe
Life Prot.: . . .   Conserve   : .   (shield restricted)
Res.Poison: .       Res.Corr.  : .   (helmet restricted)
Res.Elec. : .       Clarity    : .   (no cloak)
Sust.Abil.: . .     Spirit.Shd : .   (gloves unavailable)
Res.Mut.  : .       Stasis     : .   (boots unavailable)
Res.Rott. : .       Flight     : .   (no amulet)
Gourmand  : +                        (no ring)
                                     (no ring)

@: slowed, very slow, slightly resistant to hostile enchantments, very
unstealthy
A: unfitting armour, claws 3, fast metabolism 3, gourmand, regeneration 2,
saprovore 2, tough skin 2, AC +1
a: Renounce Religion


You were on level 4 of the Dungeon.
You worshipped Xom.
You were a beloved toy of Xom.
You were completely stuffed.

You visited 1 branch of the dungeon, and saw 3 of its levels.

You collected 105 gold pieces.

Inventory:

Hand weapons
 a - a +0,+0 mace of chaos (weapon)
Armour
 b - a +2 robe (worn)
Comestibles
 c - 2 meat rations
 g - an apple
 l - a bread ration
 o - a chunk of hobgoblin flesh
Scrolls
 d - a scroll of curse jewellery {unknown}
 e - a scroll of blinking {unknown}
 f - a scroll of enchant armour {unknown}
 j - a scroll of remove curse {unknown}
 k - a scroll of fog {unknown}
 m - 3 scrolls of identify {unknown}
Potions
 n - a potion of brilliance


   Skills:
 - Level 2.4 Fighting
 * Level 5.8 Maces & Flails
 - Level 1.9 Dodging


You had 4 spell levels left.
You didn't know any spells.

Dungeon Overview and Level Annotations

Branches:
Dungeon (4/27)
 Temple: D:4-7

Altars:

Shops:
D:4 *[?


Innate Abilities, Weirdness & Mutations

You are too large for most types of armour.
You have claws for hands.
Your metabolism is lightning-fast.
You like to eat raw meat.
You heal very quickly.
You can eat rotten meat.
You are covered in fur (AC +1).
You have very tough skin (AC +2).


Message History

The orc wizard blinks!
The orc priest barely misses you.
Unknown command.
Drink which item? (? for menu, Esc to quit)
Okay, then.
You closely miss the orc priest.
The orc priest is moderately wounded.
The bat hits you but does no damage. The orc misses your crimson imp.
The orc wizard barely misses your crimson imp.
Your crimson imp barely misses the orc priest.
The orc priest misses you. It misses your crimson imp.
You closely miss the orc priest.
The orc priest is moderately wounded.
The bat closely misses you. The orc wizard casts a spell at you.
Your crimson imp easily resists.
The orc hits your crimson imp with an orcish mace.
The orc wizard points at you and mumbles some strange words.
The magic dart hits you!
You die...
Xom roars with laughter!

##. ##..... ##.......
##?........ ##...$?......
##............
##..........∩..
##...........$...
##o.....∩@........
#.....b..5o.......
#........oo........
##..........o...?...≈
##...................≈
##....................≈≈
##..............∩........
##........................
#.........(..............


You could see an orc priest, 2 orc wizards, 2 orcs, a bat and a friendly crimson
imp.

Vanquished Creatures
  A phantom (D:4)
  2 iguanas (D:4)
  2 hound skeletons (D:4)
  4 adders
  A worm (D:2)
  2 giant geckos (D:1)
  A ball python (D:2)
  8 bats
  A giant cockroach (D:1)
  3 hobgoblins
  5 kobolds
  A quokka (D:2)
  A giant newt (D:1)
  2 goblins
  A hobgoblin skeleton (D:4)
  4 rats
39 creatures vanquished.

Notes
Turn   | Place    | Note
--------------------------------------------------------------
     0 | D:1      | Malachi, the Troll Chaos Knight, began the quest for the Orb.
     0 | D:1      | Reached XP level 1. HP: 20/20 MP: 1/1
    48 | D:1      | Reached skill level 3 in Maces & Flails
    59 | D:1      | XOM: silly message
   219 | D:1      | Reached XP level 2. HP: 28/28 MP: 1/1
   271 | D:1      | XOM: harmless Chrm miscast
   377 | D:1      | XOM: divination: detect creatures
   808 | D:1      | XOM: cast spell 'Ice Form'
   946 | D:2      | Reached XP level 3. HP: 35/35 MP: 2/2
   968 | D:2      | Reached skill level 4 in Maces & Flails
  1086 | D:2      | You fall through a shaft!
  1097 | D:4      | Reached XP level 4. HP: 42/44 MP: 2/2
  1146 | D:4      | XOM: summons friendly crimson imp
  1180 | D:4      | Noticed a phantom
  1218 | D:4      | Killed a phantom
  1218 | D:4      | Reached skill level 5 in Maces & Flails
  1218 | D:4      | Reached XP level 5. HP: 23/50 MP: 2/2
  1255 | D:4      | Found Maatum's Armour Boutique.
  1259 | D:4      | Found Olostow's General Store.
  1267 | D:4      | Found Xiecvo's Magic Scroll Boutique.
  1278 | D:4      | Xom revived you
  1280 | D:4      | Killed from afar by an orc wizard

Action                   |  1- 3 |  4- 6 || total
-------------------------+-------+-------++-------
Melee: Mace              |    80 |    41 ||   121
  Use: Potion            |       |     4 ||     4
 Stab: Petrifying        |     1 |       ||     1
